 Dungeon Crawl Stone Soup version 0.24.0-7-gb3623d2c88 (webtiles) character file.

Game seed: 383587141744837534, levelgen mode: deterministic

196 Aviak the Sneak (level 5, -2/38 HPs)
             Began as a Demigod Enchanter on Nov 2, 2019.
             Killed from afar by an orc wizard (4 damage)
             ... with a magic dart
             ... on level 2 of the Dungeon.
             The game lasted 00:07:05 (3075 turns).

Aviak the Sneak (Demigod Enchanter)                 Turns: 3075, Time: 00:07:06

Health: -2/38      AC:  5    Str:  9 (11) XL:     5   Next: 21%
Magic:  7/10       EV: 13    Int: 17 (19) God:
Gold:   87         SH:  0    Dex: 16 (18) Spells: 2/8 levels left

rFire    . . .     SeeInvis .   a - +1 dagger
rCold    . . .     Gourm    .   (no shield)
rNeg     . . .     Faith    .   b - +0 robe
rPois    .         Spirit   .   (no helmet)
rElec    .         Reflect  .   (no cloak)
rCorr    .         Harm     .   (no gloves)
MR       .....                  e - +2 pair of boots
Stlth    +++.......             (no amulet)
HPRegen  0.12/turn              (no ring)
MPRegen  0.12/turn              (no ring)

@: no status effects
A: high mp 1
a: no special abilities


You were on level 2 of the Dungeon.
You were hungry.

You visited 1 branch of the dungeon, and saw 3 of its levels.

You collected 87 gold pieces.

Inventory:

Hand Weapons
 a - a +1 dagger (weapon)
Armour
 b - a +0 robe (worn)
 e - a +2 pair of boots (worn)
Scrolls
 g - 2 scrolls of enchant armour {unknown}
 h - a scroll of random uselessness {unknown}
 i - 2 scrolls of noise {unknown}
 j - a scroll of enchant weapon {unknown}
 l - 3 scrolls of identify {unknown}
Potions
 f - a potion of brilliance
Comestibles
 d - 4 rations


   Skills:
 + Level 2.3 Short Blades
 + Level 2.9 Dodging
 + Level 3.7 Stealth
 - Level 2.0 Spellcasting
 + Level 3.6 Hexes


You had 2 spell levels left.
You knew the following spells:

 Your Spells              Type           Power        Failure   Level  Hunger
a - Corona                Hex            ##.....      4%          1    #......
b - Ensorcelled Hibernat  Hex/Ice        #.....       14%         2    ###....
c - Confuse               Hex            ##......     13%         3    ###....

Your spell library contained the following spells:

 Spells                   Type           Power        Failure   Level  Hunger
 Tukima's Dance           Hex            ##......     13%         3    ###....
 Dazzling Spray           Conj/Hex       #.....       28%         3    ###....


Dungeon Overview and Level Annotations

Branches:
Dungeon (3/15)


Innate Abilities, Weirdness & Mutations

You have an increased reservoir of magic. (+10% MP)


Message History

The puff of flame hits you!
* * * LOW HITPOINT WARNING * * *
You hit the orc wizard but do no damage.
The orc wizard is almost dead.
You hit the orc wizard but do no damage.
The orc wizard is almost dead.
The orc wizard hits you but does no damage.
You hit the orc wizard but do no damage.
The orc wizard is almost dead.
The orc wizard stops glowing and disappears.
Something completely misses you.
You hit something but do no damage. Something hits you.
* * * LOW HITPOINT WARNING * * *
Unknown command.
You aren't carrying any items that you can evoke.
You hit something but do no damage.
You hear some strange, mumbled words.
A magic dart appears from out of thin air!
The magic dart hits you.
You die...

....######
#.#####.####
.........###### #.#
#....##
.....<........# #.#
##.###.##
..........#.#.# #.#
#.## ##.#
..#.####.#.##.######.#
#.# #.# ###.#
#..#..........# #.##
##.# ....#
#.#.##.########
##.###.## ##..#
#.####.####### ##...##
#..# #.......{@..<#
##.##
#..####.#.###.####.#
#..# #.........# #.#
#.# #'#####
###.####.#[###.# #.#
##≈≈≈≈#
.........##)..## #.#
#≈...#
....####.###>.#####.#
#≈...# ##### #.#
#.o....#.# #≈...# #.#
#.###.#..# #≈...#
#.###.##.###.##
######'


There were no monsters in sight!

Vanquished Creatures
  An orc wizard (D:3)
  An orc priest (D:2)
  7 adders
  An ooze (D:3)
  3 dart slugs
  2 leopard geckos
  5 orcs
  8 bats
  A giant cockroach (D:2)
  10 goblins
  4 hobgoblins
  2 jackals (D:3)
  2 quokkas
  2 ball pythons
  7 frilled lizards
  2 kobolds
  6 rats
64 creatures vanquished.

Notes
Turn   | Place    | Note
-------+----------+-------------------------------------------
     0 | D:1      | Aviak the Demigod Enchanter began the quest for the Orb.
     0 | D:1      | Reached XP level 1. HP: 14/14 MP: 5/5
    59 | D:1      | Reached skill level 1 in Short Blades
   279 | D:1      | Reached XP level 2. HP: 20/20 MP: 7/7
   324 | D:1      | Learned a level 2 spell: Ensorcelled Hibernation
   740 | D:2      | Reached XP level 3. HP: 26/26 MP: 5/8
   745 | D:2      | Learned a level 3 spell: Confuse
  1373 | D:2      | Found a bloodstained altar of Trog.
  1374 | D:2      | Found a burning altar of Makhleb.
  1374 | D:2      | Found a shimmering altar of Xom.
  1441 | D:2      | Found a shimmering blue altar of Sif Muna.
  1700 | D:3      | Reached XP level 4. HP: 30/33 MP: 9/9
  2263 | D:2      | HP: 1/33 [orc/+0 club (2)]
  2271 | D:2      | HP: 1/33 [orc/+0 club (1)]
  2743 | D:3      | Reached XP level 5. HP: 38/38 MP: 10/10
  2761 | D:3      | Found an iron altar of Okawaru.
  2765 | D:3      | Found a shadowy altar of Dithmenos.
  3075 | D:2      | Killed from afar by an orc wizard

Levels and vault maps discovered:
D:1:      noname_arrival_rooms_in_the_neighbourhood, layout_basic,
          item_on_display_a
D:2:      layout_loops_ring, chequers_temple_overflow_statue_of_worship,
          lemuel_doored_altar, chequers_serial_rivers_room_a, minmay_tromino_v2
D:3:      layout_rooms, nicolae_overflow_hidden_temple

Skill      XL: |  1  2  3  4 |
---------------+-------------+-----
Short Blades   | 1 2 |  2.3
Dodging        | 2 |  2.9
Spellcasting   | 2 |  2.0
Stealth        | 3 |  3.7
Hexes          | 3 |  3.6

Action                   |  1- 3 |  4- 6 || total
-------------------------+-------+-------++-------
Melee: Dagger            |   144 |   157 ||   301
 Cast: Ensorcelled Hiber |     4 |     4 ||     8
       Corona            |     2 |     3 ||     5
       Confuse           |     6 |    18 ||    24
  Use: Potion            |       |     7 ||     7
 Stab: Sleeping          |    17 |     4 ||    21
       Confused          |     1 |     3 ||     4
  Eat: Chunk             |     3 |     7 ||    10
Armor: Robe              |    38 |    49 ||    87
Dodge: Dodged            |   128 |   127 ||   255
